 Dungeon Crawl Stone Soup version 0.30-a0-715-gdb4ae3ece1 (webtiles) character file.

Game seed: 13821606141266177219

350 bande the Covered (level 6, 0/39 HPs)
             Began as a Gargoyle Fighter on Jan 24, 2023.
             Killed by divine providence
             ... invoked by an orc priest
              (13 damage)
             ... on level 3 of the Dungeon.
             The game lasted 00:03:53 (2004 turns).

bande the Covered (Gargoyle Fighter)                Turns: 2004, Time: 00:03:53

Health: 0/39       AC: 15    Str: 19    XL:     6   Next: 60%
Magic:  6/6        EV:  7    Int:  9    God:
Gold:   117        SH:  4    Dex: 11    Spells: 5/5 levels left

rFire   . . .      SeeInvis .    a - +0 war axe
rCold   . . .      Faith    .    c - +0 buckler
rNeg    + . .      Spirit   .    h - +0 chain mail
rPois   ∞          Reflect  .    (no helmet)
rElec   +          Harm     .    (no cloak)
rCorr   .          Rampage  .    m - +0 pair of gloves
Will    ++...                    (no boots) Stlth
                                 (no amulet)
HPRegen 0.26/turn                e - ring of willpower
MPRegen 0.10/turn                b - ring of willpower

@: no status effects
A: sickness immunity, AC +4, negative energy resistance 1, electricity
resistance, torment resistance 1, petrification resistance
a: no special abilities


You were on level 3 of the Dungeon.
You visited 1 branch of the dungeon, and saw 3 of its levels.

You collected 117 gold pieces.

Inventory:

Hand Weapons
 a - a +0 war axe (weapon)
Armour
 c - a +0 buckler (worn)
 h - a +0 chain mail (worn)
 m - a +0 pair of gloves (worn)
Jewellery
 b - a ring of willpower (right hand)
 e - a ring of willpower (left hand)
 k - a +6 ring of dexterity
 q - a ring of magical power
Wands
 r - a wand of polymorph (9)
Scrolls
 f - 4 scrolls of identify {unknown}
 g - 4 scrolls of teleportation {unknown}
 j - a scroll of noise {unknown}
 l - 2 scrolls of immolation {unknown}
 o - a scroll of acquirement {unknown}
 p - a scroll of vulnerability {unknown}
Potions
 d - 3 potions of might
 i - a potion of curing {unknown}
 n - 2 potions of flight {unknown}


   Skills:
 + Level 4.3 Fighting
 + Level 4.3 Axes
 + Level 4.8 Armour
 + Level 4.1 Shields


You had 5 spell levels left.
You didn't know any spells.
Your spell library was empty.

Dungeon Overview and Level Annotations

Branches:
Dungeon (3/15)

Altars:
Ashenzari

Shops:
D:2 (   D:3 =


Innate Abilities, Weirdness & Mutations

You are immune to sickness and miasma.
Your stone body is resilient. (AC +4)
You are immune to poison.
You resist negative energy. (rN+)
You are resistant to electric shocks. (rElec)
You are resistant to unholy torment.
You are immune to petrification.


Message History

An orc comes into view. It is wielding a +0 club.
An orc is nearby!
The orc shouts!
You hear a shout!
You see here a +0 spear.
The orc barely misses you.
You hit the orc.
The orc is severely wounded.
You block the orc's attack.
You slash the orc!
You kill the orc!
You start resting.
An endoplasm comes into view.
An endoplasm is nearby!
The endoplasm quivers.
An orc priest comes into view. It is wielding a +0 rapier.
The orc priest shouts!
An orc priest comes into view. It is wielding a +0 mace.
The orc priest calls down the wrath of Beogh upon you.
Beogh smites you! The endoplasm barely misses you.
You slash the endoplasm!
You kill the endoplasm!
Things that are here:
a +0 club; an orc corpse The orc priest hits you but does no damage.
The orc priest hits you with a +0 mace.
There is an open door here.
You closely miss the orc priest. You slash the orc priest!
The orc priest looks braver for a moment.
The orc priest calls down the wrath of Beogh upon you.
Pain shoots through your body!
You hit the orc priest.
The orc priest is moderately wounded.
You hit the orc priest. The orc priest hits you with a +0 mace.
The orc priest barely misses you.
You hit the orc priest.
The orc priest is moderately wounded.
You hit the orc priest.
The orc priest invokes the aid of Beogh against you.
Beogh smites you!
You die...

### #.. #.# #o# #
##@## # #o).# # #...#
# #...# # #.))#######
### #.|)'.....# #..
#...####.## #..
######...#.########..
......'.......)....'..


You could see 2 orc priests.

Vanquished Creatures
  Grinder (D:3)
  4 gnolls (D:3)
  5 adders
  2 dart slugs
  3 orcs (D:3)
  2 bats
  6 endoplasms
  A giant cockroach (D:3)
  7 goblins
  3 hobgoblins
  10 jackals
  2 quokkas (D:2)
  A ball python (D:3)
  3 frilled lizards
  7 kobolds
  2 rats (D:2)
59 creatures vanquished.

Notes
Turn   | Place    | Note
-------+----------+-------------------------------------------
     0 | D:1      | bande the Gargoyle Fighter began the quest for the Orb.
     0 | D:1      | Reached XP level 1. HP: 14/14 MP: 1/1
   144 | D:1      | Reached XP level 2. HP: 19/19 MP: 2/2
   749 | D:2      | Reached XP level 3. HP: 23/23 MP: 3/3
  1127 | D:2      | Found Zyjoejal's Antique Weapon Shop.
  1130 | D:2      | Reached XP level 4. HP: 29/29 MP: 4/4
  1501 | D:3      | Found Qitunem's Jewellery Boutique.
  1654 | D:3      | Noticed Grinder
  1679 | D:3      | Killed Grinder
  1680 | D:3      | Reached XP level 5. HP: 15/33 MP: 5/5
  1680 | D:3      | Reached XP level 6. HP: 17/38 MP: 6/6
  1917 | D:3      | Identified the +5 trident of Annihilation {heavy, Will+
                  | Dex-3 SInv}
  1920 | D:3      | Found a broken altar of Ashenzari.
  2004 | D:3      | Killed from afar by an orc priest

Illustrated notes

Levels and vault maps discovered:
D:1:      mrwooster_arrival_statue_2, layout_loops_ring, serial_forest,
          infiniplex_forest_clump_small, infiniplex_forest_lined_2,
          infiniplex_forest_clump_small, infiniplex_forest_lined_3,
          infiniplex_forest_lined_2, infiniplex_forest_straight_4,
          nicolae_titane
D:2:      layout_basic, serial_shops, shop
D:3:      layout_basic, cheibrodos_ashenzari_chains, serial_shops,
          shop_fountains, uniq_grinder

Skill      XL: |  1  2  3  4 |
---------------+-------------+-----
Axes           | 2 4 |  4.3
Fighting       | 4 |  4.3
Armour         | 4 |  4.8
Shields        | 4 |  4.1

Action                     |  1- 3 |  4- 6 || total
---------------------------+-------+-------++-------
  Melee: War axe           |    86 |    73 ||   159
 Armour: Scale mail        |    14 |       ||    14
         Chain mail        |    47 |    39 ||    86
  Dodge: Dodged            |    30 |    31 ||    61
  Block: Buckler           |    18 |    17 ||    35

Table legend: (Time is in decaauts)
 A = Elapsed time spent in this place.
 B = Non-inter-level travel time spent in this place.
 C = Inter-level travel time spent in this place.
 D = Time resting spent in this place.
 E = Time spent auto-exploring this place.
 F = Levels seen in this place.
 G = Mean time per level.
                   A        B        C        D        E       F      G
               +--------+--------+--------+--------+--------+-----+--------+
         Total |   2066 |   2066 |      0 |    182 |   1399 |   3 |  688.7 |
       Dungeon |   2066 |   2066 |      0 |    182 |   1399 |   3 |  688.7 |
               +--------+--------+--------+--------+--------+-----+--------+

Top non-repeatable levels by time:
     D:1: 728 daAuts
     D:2: 674 daAuts
     D:3: 662 daAuts
